Map: Ice Cliffs

Players

Linja

  • Race: Protoss Protoss
  • League: Gold

Stitchi

  • Race: Terran Terran
  • League: Gold

TyberZann

  • Race: Zerg Zerg
  • League: Gold

JohnMcClane - Winner!

  • Race: Protoss Protoss
  • League: Silver

JackONeill - Winner!

  • Race: Zerg Zerg

Hindulaatti - Winner!

  • Race: Zerg Zerg
  • League: Diamond

VOD

Have the link to the VOD?

Description

Time

  • Played on: Jan. 19, 2016, 1:28 p.m.
  • Length: 2:14
Show
View Real Time Build Order
Export as new Build Order

Linja Protoss 

Build Orders:  

Get SALT Encoding   

  12  0:02  Probe (Chrono Boost)  
  13  0:12  Probe (Chrono Boost)  
  14  0:19  Pylon  
  14  0:23  Probe (Chrono Boost)  
  15  0:37  Probe (Chrono Boost), Gateway  
  16  0:48  Probe (Chrono Boost)  
  17  0:59  Probe (Chrono Boost)  
  17  1:01  Assimilator  
  17  1:03  Assimilator  
  18  1:05  Pylon  
  18  1:09  Probe (Chrono Boost)  
  19  1:20  Probe (Chrono Boost)  
  20  1:26  Cybernetics Core  
  20  1:30  Probe (Chrono Boost)  
  20  1:41  Probe (Chrono Boost)  
  20  1:43  Gateway  
  21  1:51  Probe (Chrono Boost)  
  24  2:09  Pylon  
  24  2:12  Pylon  
Show
View Real Time Build Order
Export as new Build Order

Stitchi Terran 

Build Orders:  

Get SALT Encoding   

  12  0:01  SCV  
  13  0:13  SCV  
  14  0:19  Supply Depot  
  14  0:25  SCV  
  15  0:33  Refinery  
  15  0:41  SCV  
  16  0:48  Barracks  
  16  0:53  SCV  
  17  1:05  SCV  
  18  1:17  SCV  
  19  1:29  SCV  
  20  1:36  Factory  
  20  1:41  Orbital Command  
  20  1:43  Supply Depot  
  20  1:52  Barracks Reactor  
Show
View Real Time Build Order
Export as new Build Order

TyberZann Zerg 

Build Orders: Hatch First 

Get SALT Encoding   

  12  0:01  Drone  
  13  0:12  Overlord  
  13  0:19  Drone  
  14  0:31  Drone x2  
  14  0:35  Drone  
  17  0:58  Drone  
  17  1:01  Hatchery, Extractor  
  16  1:04  Drone  
  17  1:20  Spawning Pool  
  17  1:23  Drone  
  17  1:27  Drone  
  17  1:30  Drone  
  19  1:41  Drone  
  20  1:50  Overlord  
Show
View Real Time Build Order
Export as new Build Order

JohnMcClane Protoss - Winner!

Build Orders: Cannon Rush 

Get SALT Encoding   

  12  0:01  Probe (Chrono Boost)  
  13  0:17  Pylon  
  13  0:20  Probe (Chrono Boost)  
  14  0:31  Probe (Chrono Boost)  
  15  0:39  Forge  
  15  0:46  Probe (Chrono Boost)  
  17  0:57  Probe (Chrono Boost)  
  17  1:12  Pylon  
  17  1:18  Pylon  
  17  1:31  Photon Cannon  
  17  1:32  Photon Cannon  
  17  1:37  Photon Cannon  
  17  1:47  Pylon  
  17  1:56  Photon Cannon  
  17  2:10  Photon Cannon  
Show
View Real Time Build Order
Export as new Build Order

JackONeill Zerg - Winner!

Build Orders: Pool First 

Get SALT Encoding   

  12  0:04  Drone  
  13  0:09  Drone  
  14  0:18  Drone, Extractor  
  14  0:21  Extractor  
  14  0:22  Drone  
  16  0:28  Overlord  
  16  0:44  Extractor  
  16  0:49  Spawning Pool  
  14  0:54  Drone x2  
  16  1:00  Drone  
  17  1:11  Overlord  
  17  1:36  Zergling x4  
  17  1:38  Queen  
  21  1:46  Zergling x2  
  22  1:55  Zergling x2  
  23  2:05  Hatchery  
Show
View Real Time Build Order
Export as new Build Order

Hindulaatti Zerg - Winner!

Build Orders: Pool Only 

Get SALT Encoding   

  12  0:01  Drone  
  13  0:08  Drone  
  14  0:14  Extractor  
  14  0:16  Drone  
  15  0:28  Extractor  
  15  0:34  Spawning Pool  
  13  0:37  Drone  
  14  0:45  Overlord  
  14  1:03  Drone x3  
  17  1:20  Zergling x2  
  17  1:21  Queen  
  20  1:28  Zergling x2  
  21  1:36  Zergling x2  
  22  1:46  Overlord  
Tags
 
Add a new tag
Caveats
  • Supply blocks, unpowered buildings, or Contaminate may cause inaccurate times.
  • Supply counts are checked every 10 seconds.